 Dungeon Crawl Stone Soup version 0.24.0-1-gfbc8707 (webtiles) character file.

Game seed: 5954101471450272338, levelgen mode: deterministic

9130 bonscott the Reanimator (level 11, 0/81 HPs)
             Began as a Gnoll Necromancer on Oct 28, 2019.
             Was a Follower of Cheibriados.
             Slain by a water elemental (15 damage)
             ... on level 12 of the Dungeon on Oct 29, 2019.
             The game lasted 01:15:55 (11295 turns).

bonscott the Reanimator (Gnoll Necromancer)        Turns: 11295, Time: 01:15:57

Health: 0/81       AC:  9    Str: 16    XL:     11   Next: 41%
Magic:  23/23      EV: 18    Int: 21    God:    Cheibriados [*.....]
Gold:   483        SH:  4    Dex: 19    Spells: 11/26 levels left

rFire    . . .     SeeInvis .   T - +4 dagger (pain)
rCold    . . .     Gourm    .   (no shield)
rNeg     + . .     Faith    .   A - +1 robe {rN+}
rPois    .         Spirit   .   t - +0 helmet
rElec    .         Reflect  +   Z - +0 cloak
rCorr    .         Harm     .   N - +0 pair of gloves
MR       +....                  y - +1 pair of boots
Stlth    ++++......             L - +4 amulet of reflection
HPRegen  0.23/turn              u - ring of protection from magic
MPRegen  0.18/turn              n - ring of wizardry

@: engulfed (cannot breathe), very slow
A: distributed training, fangs 1, strong nose
a: Bend Time, Renounce Religion


You were on level 12 of the Dungeon.
You worshipped Cheibriados.
Cheibriados was aware of your devotion.
You were not hungry.

You visited 2 branches of the dungeon, and saw 13 of its levels.

You collected 483 gold pieces.

Inventory:

Hand Weapons
 l - a +2 war axe of chopping
 S - a +2 flail of holy wrath
 T - a +4 dagger of pain (weapon)
 X - a +2 scimitar of flaming
Missiles
 d - 5 boomerangs
 e - 274 stones (quivered)
 k - 53 bolts
 o - 6 atropa-tipped darts
 p - 151 sling bullets
 x - 169 arrows
 z - 71 poisoned darts
 G - 6 curare-tipped darts
Armour
 t - a +0 helmet (worn)
 y - a +1 pair of boots (worn)
 A - a +1 robe of positive energy (worn)
 N - a +0 pair of gloves (worn)
 Y - a +2 robe of magic resistance
 Z - a +0 cloak (worn)
Jewellery
 n - a ring of wizardry (right hand)
 u - a ring of protection from magic (left hand)
 w - an uncursed ring of flight
 F - an uncursed ring of ice
 L - a +4 amulet of reflection (around neck)
 P - an uncursed ring of magical power
 U - an uncursed ring of protection from cold
Wands
 a - a wand of paralysis (13)
 Q - a wand of digging (3)
 R - a wand of flame (28)
Scrolls
 b - 2 scrolls of immolation
 f - 2 scrolls of remove curse
 g - a scroll of teleportation
 m - a scroll of fear {unknown}
 r - 2 scrolls of enchant weapon
 s - a scroll of enchant armour
 H - a scroll of amnesia {unknown}
 I - 4 scrolls of magic mapping
 J - a scroll of fog {unknown}
 K - a scroll of brand weapon {unknown}
 W - a scroll of identify
Potions
 h - 2 potions of brilliance {unknown}
 i - a potion of degeneration {unknown}
 j - 2 potions of resistance {unknown}
 q - 7 potions of curing
 v - a potion of flight {unknown}
 B - 2 potions of lignification {unknown}
 E - a potion of ambrosia {unknown}
 M - a potion of agility {unknown}
 O - a potion of berserk rage {unknown}
 V - 2 potions of magic {unknown}
Comestibles
 c - 18 rations


   Skills:
 + Level 6.1 Fighting
 + Level 6.1 Short Blades
 + Level 6.1 Long Blades
 + Level 6.1 Axes
 + Level 6.1 Maces & Flails
 + Level 6.1 Polearms
 + Level 6.1 Staves
 + Level 6.1 Slings
 + Level 6.1 Bows
 + Level 6.1 Crossbows
 + Level 6.1 Throwing
 + Level 6.1 Armour
 + Level 7.8 Dodging
 + Level 7.5 Stealth
 + Level 6.1 Shields
 + Level 6.1 Unarmed Combat
 + Level 8.0 Spellcasting
 + Level 5.1 Conjurations
 + Level 5.1 Hexes
 + Level 5.1 Charms
 + Level 5.1 Summonings
 + Level 8.9 Necromancy
 + Level 5.1 Translocations
 + Level 5.1 Transmutations
 + Level 5.1 Fire Magic
 + Level 5.1 Ice Magic
 + Level 5.1 Air Magic
 + Level 5.1 Earth Magic
 + Level 5.1 Poison Magic
 + Level 6.7 Invocations
 + Level 6.1 Evocations


You had 11 spell levels left.
You knew the following spells:

 Your Spells              Type           Power        Failure   Level  Hunger
d - Animate Dead          Necr           N/A          1%          4    ###....
l - Lee's Rapid Deconstr  Erth           ####......   11%         5    #####..
p - Pain                  Necr           ####         1%          1    None
r - Regeneration          Chrm/Necr      #####.....   1%          3    None
P - Passwall              Tmut/Erth      ####....     1%          2    None

Your spell library contained the following spells:

 Spells                   Type           Power        Failure   Level  Hunger
 Animate Skeleton         Necr           N/A          1%          1    None
 Sandblast                Erth           ####..       1%          1    None
 Summon Butterflies       Summ           ####....     1%          1    None
 Call Canine Familiar     Summ           ####....     1%          3    None
 Stone Arrow              Conj/Erth      ####..       1%          3    None
 Vampiric Draining        Necr           #####.....   1%          3    None
 Petrify                  Tmut/Erth      ####....     4%          4    ###....
 Summon Ice Beast         Ice/Summ       ####....     4%          4    ###....
 Summon Mana Viper        Hex/Summ       ####....     11%         5    #####..
 Summon Hydra             Summ           ####......   96%         7    #######


Dungeon Overview and Level Annotations

Branches:
Dungeon (12/15)            Temple (1/1) D:7            Lair (0/6) D:11
    Orc (0/2) D:10

Altars:
Ashenzari
Cheibriados
Dithmenos
Elyvilon
Fedhas
Gozag
Hepliaklqana
Kikubaaqudgha
Makhleb
Nemelex Xobeh
Okawaru
Qazlal
Ru
Sif Muna
Trog
Uskayaw
Vehumet
Wu Jian
Xom
Yredelemnul
Zin
The Shining One

Annotations:
D:4 1 runed translucent door, Eeriemist's ghost, amateur GnWn
D:7 Harold
D:11 1 runed translucent door


Innate Abilities, Weirdness & Mutations

Your experience applies equally to all skills.
You have very sharp teeth.
Your uncanny sense of smell can sniff out nearby items.


Message History

Aiming: Throw Flame
Press: ? - help, Shift-Dir - straight line, f - water elemental, p - gargoyle
Aim: a water elemental (heavily damaged)
The puff of flame hits the water elemental!
The water elemental is burned terribly!
The water elemental is severely damaged.
* * * LOW HITPOINT WARNING * * *
Your lungs strain for air!
The water elemental misses you.
Evoke which item? (* to show all) (? for menu, Esc to quit)
Aiming: Throw Flame
Press: ? - help, Shift-Dir - straight line, f/p - water elemental
Aim: a water elemental (severely damaged)
The puff of flame hits the water elemental.
The water elemental is burned terribly!
The water elemental is almost destroyed.
* * * LOW HITPOINT WARNING * * *
Your lungs strain for air!
The water elemental hits you!
You die...

......#........#.#
......##.......#(#
#...####..####.#.# #.$.
##.## #.#.# #########..#
#.#.# #........###.#.#
#.........##.#9#
#.........##.#E#
#..........#.#@#########
#........#.#...))......#
#........#..##.#######.#
#........##.##.# #...#.#
#........##..#.# #.#.#.#
############.#.# #.#.#.#
#...# #.#.#.# ##..#
#.#.#.#
#########..###.#.#.#


You could see a water elemental and a gargoyle.

Vanquished Creatures
  Snorg (D:10)
  Fannar (D:12)
  Erica (D:9)
  Psyche (D:12)
  A gargoyle (D:12)
  A troll (D:11)
  2 wyverns
  15 yaks
  A water moccasin (D:8)
  A soldier ant (D:10)
  3 ice beasts
  3 orc warriors
  A sky beast (D:10)
  A black bear (D:11)
  5 ogres
  A wolf (D:10)
  3 centaurs
  A crocodile (D:10)
  6 bullfrogs
  3 jellies
  4 killer bees (D:12)
  3 scorpions
  4 crimson imps
  A centaur zombie (D:6)
  A quasit (D:11)
  3 orc priests
  A bullfrog skeleton (D:12)
  5 hounds
  2 centaur skeletons
  Jessica (D:3)
  An iguana (D:5)
  8 orc wizards
  3 worker ants
  A killer bee zombie (D:7)
  A hound skeleton (D:7)
  A worker ant zombie (D:5)
  13 adders
  3 shadow imps
  An ooze (D:3)
  2 adder skeletons
  3 worms
  3 dart slugs
  2 leopard geckos
  39 orcs
  7 giant cockroaches
  10 goblins
  9 hobgoblins
  5 jackals
  7 quokkas
  3 ball pythons
  4 bats
  4 frilled lizards
  A giant cockroach zombie (D:4)
  3 kobolds
  A leopard gecko zombie (D:5)
  7 rats
219 creatures vanquished.

Notes
Turn   | Place    | Note
-------+----------+-------------------------------------------
     0 | D:1      | bonscott the Gnoll Necromancer began the quest for the Orb.
     0 | D:1      | Reached XP level 1. HP: 13/13 MP: 6/6
   211 | D:1      | Reached XP level 2. HP: 18/19 MP: 4/7
   638 | D:1      | Reached XP level 3. HP: 23/25 MP: 5/9
   723 | D:1      | Reached skill level 5 in Spellcasting
  1321 | D:2      | Found a shattered altar of Ashenzari.
  1366 | D:2      | Reached skill level 1 in Invocations
  1455 | D:2      | Reached skill level 1 in Fighting
  1455 | D:2      | Reached skill level 1 in Short Blades
  1455 | D:2      | Reached skill level 1 in Long Blades
  1455 | D:2      | Reached skill level 1 in Axes
  1455 | D:2      | Reached skill level 1 in Maces & Flails
  1455 | D:2      | Reached skill level 1 in Polearms
  1455 | D:2      | Reached skill level 1 in Staves
  1455 | D:2      | Reached skill level 1 in Slings
  1455 | D:2      | Reached skill level 1 in Bows
  1455 | D:2      | Reached skill level 1 in Crossbows
  1455 | D:2      | Reached skill level 1 in Throwing
  1455 | D:2      | Reached skill level 1 in Armour
  1455 | D:2      | Reached skill level 1 in Shields
  1455 | D:2      | Reached skill level 1 in Unarmed Combat
  1455 | D:2      | Reached skill level 1 in Evocations
  1461 | D:2      | Reached XP level 4. HP: 24/32 MP: 2/11
  1549 | D:2      | Found a basalt altar of Yredelemnul.
  1834 | D:2      | Reached skill level 1 in Conjurations
  1834 | D:2      | Reached skill level 1 in Hexes
  1834 | D:2      | Reached skill level 1 in Charms
  1834 | D:2      | Reached skill level 1 in Summonings
  1834 | D:2      | Reached skill level 1 in Translocations
  1834 | D:2      | Reached skill level 1 in Transmutations
  1834 | D:2      | Reached skill level 1 in Fire Magic
  1834 | D:2      | Reached skill level 1 in Ice Magic
  1834 | D:2      | Reached skill level 1 in Air Magic
  1834 | D:2      | Reached skill level 1 in Earth Magic
  1834 | D:2      | Reached skill level 1 in Poison Magic
  1987 | D:3      | Found a faded altar of an unknown god.
  2023 | D:3      | Reached XP level 5. HP: 37/37 MP: 12/12
  2075 | D:3      | Noticed Jessica
  2082 | D:3      | Killed Jessica
  2459 | D:3      | Found a glowing silver altar of Zin.
  2683 | D:3      | Found a burning altar of Makhleb.
  2865 | D:4      | Reached XP level 6. HP: 37/44 MP: 8/13
  3164 | D:4      | Reached skill level 5 in Dodging
  3205 | D:4      | Noticed Eeriemist's ghost (amateur GnWn)
  3208 | D:4      | Found a runed translucent door.
  3527 | D:5      | Entered Level 5 of the Dungeon
  3928 | D:5      | Reached XP level 7. HP: 48/50 MP: 11/15
  4292 | D:5      | Reached skill level 5 in Stealth
  4398 | D:5      | Learned a level 3 spell: Regeneration
  4403 | D:5      | Learned a level 4 spell: Animate Dead
  4733 | D:6      | Reached XP level 8. HP: 54/57 MP: 16/16
  4792 | D:6      | Got a slimy rapier
  4793 | D:6      | Identified the cursed +2 rapier of Beyond {freeze, Fragile
                  | rElec rF+ Dex+4} (You found it on level 6 of the Dungeon)
  4843 | D:6      | Found a hazy altar of Hepliaklqana.
  4977 | D:6      | Found a hide-covered altar of Uskayaw.
  5037 | D:6      | Found a stormy altar of Qazlal.
  5038 | D:6      | Noticed a water elemental
  5039 | D:6      | Noticed an air elemental
  5616 | D:7      | Noticed Harold
  5727 | D:7      | Learned a level 2 spell: Passwall
  6206 | D:7      | Found a radiant altar of Vehumet.
  6658 | D:7      | Found a staircase to the Ecumenical Temple.
  6668 | Temple   | Entered the Ecumenical Temple
  6725 | Temple   | Became a worshipper of Cheibriados the Contemplative
  7134 | D:7      | Got a pair of translucent boots
  7153 | D:7      | Identified the -3 pair of boots of Beogh's Supremacy {Dex-2
                  | Slay+5 Stlth+} (You found it on level 7 of the Dungeon)
  7299 | D:8      | Found a white marble altar of Elyvilon.
  7330 | D:8      | Reached XP level 9. HP: 57/65 MP: 18/18
  7872 | D:8      | Found a shadowy altar of Dithmenos.
  8226 | D:9      | Noticed Erica
  8229 | D:9      | Killed Erica
  8229 | D:9      | Reached skill level 5 in Invocations
  8322 | D:8      | Reached XP level 10. HP: 70/73 MP: 20/20
  8515 | D:9      | Found a hide-covered altar of Uskayaw.
  8548 | D:10     | Entered Level 10 of the Dungeon
  8733 | D:10     | Noticed Snorg
  8741 | D:10     | Killed Snorg
  8741 | D:10     | Reached skill level 5 in Fighting
  8741 | D:10     | Reached skill level 5 in Short Blades
  8741 | D:10     | Reached skill level 5 in Long Blades
  8741 | D:10     | Reached skill level 5 in Axes
  8741 | D:10     | Reached skill level 5 in Maces & Flails
  8741 | D:10     | Reached skill level 5 in Polearms
  8741 | D:10     | Reached skill level 5 in Staves
  8741 | D:10     | Reached skill level 5 in Slings
  8741 | D:10     | Reached skill level 5 in Bows
  8741 | D:10     | Reached skill level 5 in Crossbows
  8741 | D:10     | Reached skill level 5 in Throwing
  8741 | D:10     | Reached skill level 5 in Armour
  8741 | D:10     | Reached skill level 5 in Shields
  8741 | D:10     | Reached skill level 5 in Unarmed Combat
  8741 | D:10     | Reached skill level 5 in Evocations
  8760 | D:10     | Found a staircase to the Orcish Mines.
  9210 | D:10     | You fall into a shaft and drop 1 floor!
  9299 | D:11     | Reached * piety under Cheibriados
  9457 | D:11     | Noticed an elephant
  9723 | D:11     | Found a runed translucent door.
  9723 | D:11     | Noticed an ice dragon
  9723 | D:11     | Noticed a fire dragon
  9724 | D:11     | Found the +2 shield of Resistance {rF+ rC+ MR+}
  9775 | D:11     | Noticed a fire dragon
  9784 | D:11     | Found a staircase to the Lair.
  9810 | D:11     | Noticed an ice dragon
 10002 | D:11     | Reached XP level 11. HP: 28/81 MP: 18/22
 10248 | D:12     | Learned a level 5 spell: Lee's Rapid Deconstruction
 10347 | D:12     | Noticed Fannar
 10379 | D:12     | Killed Fannar
 10802 | D:12     | Noticed a five-headed hydra
 10839 | D:12     | Noticed Psyche
 10849 | D:12     | Killed Psyche
 10849 | D:12     | Reached skill level 5 in Conjurations
 10849 | D:12     | Reached skill level 5 in Hexes
 10849 | D:12     | Reached skill level 5 in Charms
 10849 | D:12     | Reached skill level 5 in Summonings
 10849 | D:12     | Reached skill level 5 in Translocations
 10849 | D:12     | Reached skill level 5 in Transmutations
 10849 | D:12     | Reached skill level 5 in Fire Magic
 10849 | D:12     | Reached skill level 5 in Ice Magic
 10849 | D:12     | Reached skill level 5 in Air Magic
 10849 | D:12     | Reached skill level 5 in Earth Magic
 10849 | D:12     | Reached skill level 5 in Poison Magic
 11295 | D:12     | Slain by a water elemental

Levels and vault maps discovered:
D:1:      lightli_arrival_windingriver, layout_basic, minmay_heptomino_w4
D:2:      layout_rooms, overflow_temple_1_default, marbit_many_paths
D:3:      layout_loops_ring, lemuel_coloured_pillars_altar,
          overflow_temple_1_default, chequers_ecumenical_altar_twisty,
          minmay_liquid_box, minivault_24, grunt_ministairs_11,
          kennysheep_jessica_study
D:4:      layout_cave_pools, hellmonk_ghost_happy_afterlife
D:5:      layout_basic, first_ration, grunt_decor_cap
D:6:      layout_cave_pools, kennysheep_little_box,
          nicolae_qazlal_style_of_elements, basic_altar
D:7:      layout_basic, minmay_temple_entry_grid, grunt_ogre_cave,
          vehumet_altar_wand_db, uniq_harold
D:8:      layout_loops_cross, elyvilon_altar_4, grunt_dithmenos_smoke
D:9:      layout_basic, lemuel_crystal_altar, nicolae_ru_path_of_blood,
          uniq_erica, uniq_maurice
D:10:     layout_stronghold, orc_0_dummy, serial_column_ruins, column_ruins_hut,
          column_ruins_hut, column_ruins_open_tiny,
          column_ruins_columns_dead_end, column_ruins_grid_1,
          column_ruins_open_tiny, column_ruins_grid_1, serial_shops, shop,
          uniq_grum, uniq_snorg
D:11:     layout_long_grid, david_lair_generic, minmay_guarded_unrand_resistance
D:12:     kennysheep_demon_hangout, layout_basic, uniq_psyche, uniq_fannar
Temple:   eino_temple_water

Skill      XL: |  1  2  3  4  5  6  7  8  9 10 11 |
---------------+----------------------------------+-----
Spellcasting   | 5 6 7 8 |  8.0
Invocations    | 1 2 3 4 5 6 |  6.7
Fighting       | 1 2 3 4 5 6 |  6.1
Short Blades   | 1 2 3 4 5 6 |  6.1
Long Blades    | 1 2 3 4 5 6 |  6.1
Axes           | 1 2 3 4 5 6 |  6.1
Maces & Flails | 1 2 3 4 5 6 |  6.1
Polearms       | 1 2 3 4 5 6 |  6.1
Staves         | 1 2 3 4 5 6 |  6.1
Slings         | 1 2 3 4 5 6 |  6.1
Bows           | 1 2 3 4 5 6 |  6.1
Crossbows      | 1 2 3 4 5 6 |  6.1
Throwing       | 1 2 3 4 5 6 |  6.1
Armour         | 1 2 3 4 5 6 |  6.1
Shields        | 1 2 3 4 5 6 |  6.1
Unarmed Combat | 1 2 3 4 5 6 |  6.1
Evocations     | 1 2 3 4 5 6 |  6.1
Conjurations   | 1 2 3 4 5 |  5.1
Hexes          | 1 2 3 4 5 |  5.1
Charms         | 1 2 3 4 5 |  5.1
Summonings     | 1 2 3 4 5 |  5.1
Translocations | 1 2 3 4 5 |  5.1
Transmutations | 1 2 3 4 5 |  5.1
Fire Magic     | 1 2 3 4 5 |  5.1
Ice Magic      | 1 2 3 4 5 |  5.1
Air Magic      | 1 2 3 4 5 |  5.1
Earth Magic    | 1 2 3 4 5 |  5.1
Poison Magic   | 1 2 3 4 5 |  5.1
Dodging        | 5 6 7 |  7.8
Stealth        | 5 6 7 |  7.5
Necromancy     | 8 |  8.9

Action                   |  1- 3 |  4- 6 |  7- 9 | 10-12 || total
-------------------------+-------+-------+-------+-------++-------
Melee: Dagger            |     5 |    89 |    26 |    51 ||   171
       Bite              |     1 |     8 |    27 |    56 ||    92
       Falchion          |       |    32 |       |       ||    32
       Punch             |       |     2 |     3 |    15 ||    20
       Rapier            |       |       |   147 |   204 ||   351
       Scimitar          |       |       |       |    17 ||    17
Throw: Stone             |     7 |    22 |     9 |    25 ||    63
       Boomerang         |       |       |     1 |     3 ||     4
       Dart              |       |       |    24 |     5 ||    29
       Javelin           |       |       |       |    21 ||    21
 Cast: Pain              |    60 |    76 |   102 |       ||   238
       Regeneration      |       |       |     1 |    10 ||    11
       Lee's Rapid Decon |       |       |       |     4 ||     4
Invok: Bend Time         |       |       |     2 |     3 ||     5
Evoke: Wand              |       |       |     2 |    18 ||    20
  Use: Scroll            |     1 |     4 |     8 |     1 ||    14
       Potion            |       |       |     2 |     4 ||     6
 Stab: Sleeping          |     1 |    13 |    13 |     6 ||    33
       Paralysed         |       |       |       |     6 ||     6
  Eat: Chunk             |     1 |     7 |    12 |     5 ||    25
       Ration            |       |       |     1 |     1 ||     2
Armor: Robe              |     1 |    24 |    27 |    32 ||    84
Dodge: Dodged            |     7 |    62 |   118 |   188 ||   375
Block: Other             |       |     8 |    25 |    40 ||    73
       Reflection        |       |       |     1 |     1 ||     2
       Rpst.: Falchion   |       |     5 |       |       ||     5
       Scimitar          |       |       |       |     3 ||     3
